 Dungeon Crawl Stone Soup version 0.21-a0-529-g8c7b3f5d53 (webtiles) character file.

221 Brujo888 the Twirler (level 5, -2/67 HPs)
             Began as a Minotaur Gladiator on Dec 10, 2017.
             Slain by an orc
             ... wielding a +0 mace
              (3 damage)
             ... on level 3 of the Dungeon.
             The game lasted 00:04:35 (1395 turns).

Brujo888 the Twirler (Minotaur Gladiator)           Turns: 1395, Time: 00:04:36

Health: -2/67      AC:  6    Str: 24    XL:     5   Next: 65%
Magic:  4/4        EV: 12    Int:  5    God:
Gold:   106        SH:  0    Dex: 12    Spells: 4/4 levels left

rFire    . . .     SeeInvis .   a - +0 quarterstaff
rCold    . . .     Gourm    .   (shield currently unavailable)
rNeg     . . .     Faith    .   i - +0 scale mail
rPois    +         Spirit   .   c - +0 hat
rElec    .         Reflect  .   (no cloak)
rCorr    .         Harm     .   (no gloves)
MR       .....                  (no boots)
Stlth    ..........             (no amulet)
HPRegen  0.21/turn              q - ring of poison resistance
MPRegen  0.09/turn              (no ring)

@: berserking, very quick
A: retaliatory headbutt, horns 2
a: no special abilities


You were on level 3 of the Dungeon.
You were hungry.

You visited 1 branch of the dungeon, and saw 3 of its levels.

You collected 106 gold pieces.

Inventory:

Hand Weapons
 a - a +0 quarterstaff (weapon)
Missiles
 d - 2 throwing nets
 g - 4 javelins (quivered)
Armour
 b - a +0 leather armour
 c - a +0 hat (worn)
 i - a +0 scale mail (worn)
 t - a cursed +0 chain mail
Jewellery
 q - a ring of poison resistance (left hand)
Scrolls
 k - 2 scrolls of fog {unknown}
 l - a scroll of identify {unknown}
 m - 2 scrolls of enchant armour {unknown}
 s - a scroll of teleportation {unknown}
Potions
 e - 2 potions of berserk rage
 h - 2 potions of curing {unknown}
 n - a potion of haste {unknown}
Comestibles
 f - 2 bread rations
 j - 4 meat rations
 o - a royal jelly
 p - 2 fruits
 r - 2 chunks of flesh


   Skills:
 + Level 3.5 Fighting
 * Level 5.2 Staves
 - Level 2.0 Throwing
 * Level 3.3 Armour
 * Level 4.5 Dodging


You had 4 spell levels left.
You didn't know any spells.

Dungeon Overview and Level Annotations

Branches:
Dungeon (3/15)

Altars:


Innate Abilities, Weirdness & Mutations

You reflexively headbutt those who attack you in melee.
You have a pair of horns on your head.


Message History

* * * LOW HITPOINT WARNING * * *
The orc priest begins to cast a cantrip, but forgets the words!
Throwing (i - inventory. (,) - cycle):
g - 5 javelins (quivered)
Press: ? - help, Shift-Dir - straight line, f/p - orc priest
Aim: an orc priest, wielding a hand axe You throw a javelin.
The javelin hits the orc.
You kill the orc!
The orc hits you with a mace.
* * * LOW HITPOINT WARNING * * *
The orc priest invokes the aid of Beogh against you.
Pain shoots through your body!
* * * LOW HITPOINT WARNING * * *
It was a potion of berserk rage.
A red film seems to cover your vision as you go berserk!
You feel yourself moving faster!
You feel mighty! The orc hits you but does no damage.
You sock the orc priest!
The orc priest is heavily wounded.
The orc hits you with a mace.
You die...

.### ####...#..# . ..
... #.........##. #..
#.###.........#..
##..####..#............#
....... #...............
....... ##....[.........
..>.... ##...#..........
.......##...#...........
#o@o........#......
#g#.........#......
#$..o..##...####......
.....####....# ##.....
#..(.... .....# #..††..
#(.#....##....####..÷†..
..... ..................
..### ........####......
#..........#......


You could see an orc priest, 2 orcs and a hobgoblin.

Vanquished Creatures
  An ice beast (D:2)
  An orc wizard (D:3)
  4 adders
  An ooze (D:2)
  A worm (D:3)
  2 dart slugs
  A leopard gecko (D:2)
  2 orcs (D:3)
  3 ball pythons
  3 giant cockroaches
  5 goblins
  6 hobgoblins (D:1)
  3 jackals (D:2)
  5 kobolds
  2 quokkas
  3 bats
  3 frilled lizards
  4 rats
50 creatures vanquished.

Notes
Turn   | Place    | Note
-------+----------+-------------------------------------------
     0 | D:1      | Brujo888 the Minotaur Gladiator began the quest for the Orb.
     0 | D:1      | Reached XP level 1. HP: 18/18 MP: 0/0
   185 | D:1      | Reached skill level 1 in Armour
   185 | D:1      | Reached XP level 2. HP: 25/25 MP: 1/1
   337 | D:1      | Reached skill level 4 in Staves
   630 | D:2      | Reached XP level 3. HP: 30/30 MP: 2/2
   674 | D:2      | Noticed an ice beast
   681 | D:2      | Killed an ice beast
   681 | D:2      | Reached XP level 4. HP: 38/38 MP: 3/3
   696 | D:2      | Reached XP level 5. HP: 43/45 MP: 4/4
  1199 | D:2      | Reached skill level 5 in Staves
  1393 | D:3      | HP: 1/45 [orc priest/nerve-wracking pain (9)]
  1395 | D:3      | Slain by an orc

Vault maps used:
D:1:      mrwooster_arrival_statue_3
D:3:      doesnt_xom_only_xom, okawaru_trees_2, chequers_ecumenical_altar_lobes,
          nemelex_dance_club_becter

Skill      XL: |  1  2  3  4  5 |
---------------+----------------+-----
Armour         | 1 2 3 |  3.3
Staves         | 4 5 |  5.2
Fighting       | 3 |  3.5
Dodging        | 4 |  4.5
Throwing       | |  2.0

Action                   |  1- 3 |  4- 6 || total
-------------------------+-------+-------++-------
Melee: Quarterstaff      |    36 |    43 ||    79
       Headbutt          |     5 |     6 ||    11
Throw: Javelin           |     9 |     4 ||    13
       Throwing net      |     1 |       ||     1
  Use: Potion            |       |     1 ||     1
  Eat: Chunk             |       |     1 ||     1
Armor: Leather armour    |     1 |       ||     1
       Scale mail        |    13 |    24 ||    37
Dodge: Dodged            |    24 |    41 ||    65

Table legend:
 A = Spawn XP
 B = Non-spawn XP
 C = Spawn XP percentage of total XP
 D = Spawn monster count
 E = Non-spawn monster count
 F = Spawn count percentage of total count
 G = Total turns spent on level
                    A         B        C        D         E        F      G
               +---------+---------+-------+---------+---------+-------+---------
         Total |       0 |     317 |   0.0 |       0 |      50 |   0.0 |  1395
               +---------+---------+-------+---------+---------+-------+---------
           D:1 |       0 |      39 |   0.0 |       0 |      22 |   0.0 |   627
           D:2 |       0 |     193 |   0.0 |       0 |      19 |   0.0 |   705
           D:3 |       0 |      85 |   0.0 |       0 |       9 |   0.0 |    63
               +---------+---------+-------+---------+---------+-------+---------
